 Dungeon Crawl Stone Soup version 0.19.5 (webtiles) character file.

215 Denreik the Chiller (level 5, -3/31 HPs)
             Began as an Octopode Ice Elementalist on Mar 10, 2017.
             Was an Initiate of Elyvilon.
             Killed by divine providence
             ... invoked by an orc priest
              (12 damage)
             ... on level 4 of the Dungeon.
             The game lasted 00:23:27 (3807 turns).

Denreik the Chiller (Octopode Ice Elementalist)     Turns: 3807, Time: 00:23:28

Health: -3/31      AC:  7    Str:  7    XL:     5   Next: 92%
Magic:  4/8        EV: 13    Int: 19    God:    Elyvilon [......]
Gold:   188        SH:  0    Dex: 12    Spells: 3 memorised, 2 levels left

rFire  + . .     SeeInvis .     j - +0 spear
rCold  . . .     Gourm    .     (no shield)
rNeg   . . .     Faith    .     (helmet restricted)
rPois  .         Spirit   .     (no amulet)
rElec  .         Reflect  .     i - ring of wizardry
rCorr  .         Harm     .     k - ring of protection from fire
MR     .....                    (no ring)
Stlth  +++.......               (no ring)
                                (no ring)
                                (no ring)
                                (no ring)
                                (no ring)

@: icy armour, slow
A: almost no armour, stealthy swim, amphibious, 8 rings, constrict 8, camouflage
1, gelatinous body 1
a: Renounce Religion


You were on level 4 of the Dungeon.
You worshipped Elyvilon.
Elyvilon was noncommittal.
You were hungry.

You visited 1 branch of the dungeon, and saw 4 of its levels.

You collected 188 gold pieces.

Inventory:

Hand Weapons
 d - a +0 dagger
 j - a +0 spear (weapon)
 q - a +2 dagger of speed
 s - a cursed -3 blowgun
Missiles
 t - 11 poisoned needles
Jewellery
 i - a ring of wizardry (left tentacle)
 k - a ring of protection from fire (right tentacle)
Wands
 v - a wand of flame (20/48)
Scrolls
 e - 2 scrolls of fog {unknown}
 m - 2 scrolls of magic mapping {unknown}
 o - a scroll of remove curse {unknown}
 r - 2 scrolls of immolation {unknown}
 u - a scroll of noise {unknown}
 y - 3 scrolls of identify {unknown}
 B - a scroll of teleportation {unknown}
Potions
 c - 5 potions of curing {unknown}
 f - a potion of brilliance {unknown}
 g - a potion of ambrosia {unknown}
 h - a potion of heal wounds {unknown}
 l - a potion of berserk rage {unknown}
 n - 3 potions of lignification {unknown}
 w - a potion of magic {unknown}
 A - 2 potions of degeneration {unknown}
 C - a potion of might {unknown}
Books
 a - a book of Frost

   Spells                             Type                      Level
   a - Freeze                         Ice                          1
   b - Throw Frost                    Conjuration/Ice              2
   c - Ozocubu's Armour               Charms/Ice                   3
   d - Throw Icicle                   Conjuration/Ice              4
   e - Summon Ice Beast               Ice/Summoning                4
Comestibles
 b - 5 bread rations
 p - 2 beef jerkies
 x - 2 chunks of flesh
 z - 2 meat rations


   Skills:
 * Level 1.3 Polearms
 - Level 2.0 Dodging
 - Level 2.6 Stealth
 - Level 2.0 Spellcasting
 - Level 1.0 Conjurations
 - Level 6.2 Ice Magic


You had 2 spell levels left.
You knew the following spells:

 Your Spells              Type           Power        Failure   Level  Hunger
a - Freeze                Ice            ####         1%          1    #......
b - Ozocubu's Armour      Chrm/Ice       ##......     6%          3    ###....
c - Throw Frost           Conj/Ice       ###...       3%          2    ###....


Dungeon Overview and Level Annotations

Branches:
Dungeon (4/15)
 Temple: D:4-7

Altars:
Cheibriados
Elyvilon
Fedhas
Hepliaklqana

Annotations:
D:3 exclusion: oklob plant


Innate Abilities, Weirdness & Mutations

You cannot wear most types of armour.
You are very stealthy in the water. (Stealth+)
You are amphibious.
You can wear up to eight rings at the same time.
You can use your tentacles to constrict eight enemies at once.
Your skin changes colour to match your surroundings (Stealth+).
Your rubbery body absorbs attacks. (AC +1, EV +1)


Message History

The orc priest hits you from afar with a trident.
An orc comes into view. It is wielding a dagger.
Attack whom?
Press: ? - help, Dir - move target cursor, f - orc priest
Aim: an orc priest, wielding a trident You reach to attack!
You barely miss the orc priest.
The orc priest invokes the aid of Beogh against you.
Pain shoots through your body!
* * * LOW HITPOINT WARNING * * *
An orc comes into view. It is wielding a war axe.
Okay, then.
The orc priest barely misses you.
An orc comes into view.
Things that are here:
a dagger; a robe; an orc corpse The orc priest mumbles some strange prayers to Beogh against you.
You barely resist.
The orc priest invokes the aid of Beogh against you.
Beogh smites you!
You die...

#.# ##.##.### #.#
#.######### #.##.#
#.# #..(o.o.o.#
#.##.######.#
#o#######.#
#[##.....>..# #.#
#o# #.##.########
#.# #.# #.....# #.#
#.# ####.##
######.# #.# #.#
#......# #@# #.#
#.###### #.# #.# #
#.# #.# #.# # #.#
#.# #.# # #.#
#########.# #.# #
#.# #.........# #.#
# #.# #.#########
#.# #
#.####.############
#.# #
#...........#.....#
#.# #


You could see an orc priest and an orc.

Vanquished Creatures
  A bullfrog (D:4)
  An orc wizard (D:4)
  Jessica (D:3)
  2 adders (D:3)
  2 oozes (D:1)
  A worm (D:2)
  2 leopard geckos (D:3)
  8 bats
  4 giant cockroaches
  9 goblins
  7 hobgoblins
  5 jackals
  9 kobolds
  2 quokkas
  3 ball pythons
  8 frilled lizards
  5 rats
  4 fungi (D:3)
  2 plants (D:3)
76 creatures vanquished.

Notes
Turn   | Place    | Note
-------+----------+-------------------------------------------
     0 | D:1      | Denreik the Octopode Ice Elementalist began the quest for the Orb.
     0 | D:1      | Reached XP level 1. HP: 11/11 MP: 3/3
   182 | D:1      | Reached XP level 2. HP: 12/17 MP: 5/5
   630 | D:1      | Reached skill level 4 in Ice Magic
   638 | D:1      | Learned a level 2 spell: Throw Frost
   748 | D:1      | Reached XP level 3. HP: 15/21 MP: 6/6
  1636 | D:2      | Learned a level 3 spell: Ozocubu's Armour
  2113 | D:2      | Reached XP level 4. HP: 26/27 MP: 1/7
  2297 | D:3      | Reached skill level 5 in Ice Magic
  2315 | D:3      | Found a snail-covered altar of Cheibriados.
  2325 | D:3      | Found a hazy altar of Hepliaklqana.
  2482 | D:3      | Found a blossoming altar of Fedhas.
  2506 | D:3      | Noticed an oklob plant
  2739 | D:3      | Noticed Jessica
  2753 | D:3      | Killed Jessica
  2807 | D:3      | Reached XP level 5. HP: 31/31 MP: 8/8
  3313 | D:4      | Found a white marble altar of Elyvilon.
  3332 | D:4      | Became a worshipper of Elyvilon the Healer
  3578 | D:4      | Reached skill level 6 in Ice Magic
  3794 | D:4      | Reached skill level 1 in Polearms
  3807 | D:4      | Killed from afar by an orc priest

Skill      XL: |  1  2  3  4  5 |
---------------+----------------+-----
Ice Magic      | 4 5 6 |  6.2
Polearms       | 1 |  1.3
Dodging        | |  2.0
Stealth        | |  2.6
Spellcasting   | |  2.0
Conjurations   | |  1.0

Action                   |  1- 3 |  4- 6 || total
-------------------------+-------+-------++-------
Melee: Dagger            |    29 |       ||    29
       Tentacles         |    10 |    35 ||    45
       Constrict         |    16 |    29 ||    45
       Spear             |    55 |   181 ||   236
 Cast: Freeze            |    17 |     2 ||    19
       Throw Frost       |     4 |     2 ||     6
       Ozocubu's Armour  |     3 |     5 ||     8
 Stab: Sleeping          |     8 |     6 ||    14
       Distracted        |     1 |       ||     1
  Eat: Chunk             |     4 |     2 ||     6
       Bread ration      |       |     1 ||     1
Armor: Skin              |     9 |    10 ||    19
Dodge: Dodged            |    44 |    51 ||    95
